 Dungeon Crawl Stone Soup version 0.31.0-2-g5a2aebc5c2 (webtiles) character file.

Game seed: 7911521923379466782

434 ProzacElf the Covert (level 6, -8/28 HPs)
             Began as a Spriggan Alchemist on Jan 21, 2024.
             Was a Believer of Elyvilon.
             Killed from afar by a white imp (13 damage)
             ... with a puff of frost
             ... on level 5 of the Dungeon.
             The game lasted 00:09:46 (4465 turns).

ProzacElf the Covert (Spriggan Alchemist)           Turns: 4465, Time: 00:09:47

Health: -8/28      AC:  2    Str:  4    XL:     6   Next: 68%
Magic:  9/11       EV: 19    Int: 17    God:    Elyvilon [**....]
Gold:   165        SH:  0    Dex: 17    Spells: 5/11 levels left

rFire   . . .        b - +1 hand axe (venom)
rCold   . . .        (no shield)
rNeg    . . .        c - +0 robe
rPois   .            (helmet restricted)
rElec   .            (no cloak)
rCorr   .            (gloves unavailable)
SInv    +            (boots unavailable)
Will    +....        (no amulet)
Stlth   ++++         (no ring)
HPRegen 0.24/turn    (no ring)
MPRegen 0.12/turn

%: no passive effects
@: very quick
A: very small, no large weapons, unfitting armour, see invisible, speed 3
a: Renounce Religion, Purification, Heal Other


You were on level 5 of the Dungeon.
You worshipped Elyvilon.
Elyvilon was pleased with you.
You visited 1 branch of the dungeon, and saw 5 of its levels.

You collected 191 gold pieces.
You spent 26 gold pieces at shops.

Inventory:

Hand Weapons
 a - a +0 dagger
 b - a +1 hand axe of venom (weapon)
 f - a +0 dagger
 q - a +0 arbalest
 u - a +0 sling
 x - a +0 falchion
Missiles
 i - 2 darts of dispersal (quivered)
 r - 3 datura-tipped darts
 w - 5 poisoned darts
Armour
 c - a +0 robe (worn)
Talismans
 k - a beast talisman
 A - a flux talisman
Scrolls
 d - a scroll of teleportation {unknown}
 e - a scroll of vulnerability {unknown}
 g - 3 scrolls of poison {unknown}
 h - 3 scrolls of identify
 l - a scroll of enchant weapon {unknown}
 m - 4 scrolls of noise {unknown}
 p - a scroll of revelation {unknown}
 s - a scroll of fog {unknown}
 y - a scroll of brand weapon {unknown}
Potions
 j - 2 potions of curing {unknown}
 n - 2 potions of attraction {unknown}
 o - 5 potions of heal wounds {unknown}
 t - a potion of mutation {unknown}
 v - a potion of magic
 z - 2 potions of haste {unknown}


   Skills:
 - Level 5.0 Dodging
 + Level 8.4 Stealth
 - Level 3.0 Spellcasting
 - Level 0.6 Conjurations
 - Level 5.0 Alchemy


You had 5 spell levels left.
You knew the following spells:

 Your Spells              Type           Power      Damage    Failure   Level
a - Sting                 Conj/Alch      48%        1d6       5%          1
b - Mercury Vapours       Alch/Air       22%        N/A       10%         2
c - Mephitic Cloud        Conj/Alch/Air  8%         N/A       24%         3

Your spell library contained the following spells:

 Spells                   Type           Power      Damage    Failure   Level
 Olgreb's Toxic Radiance  Alch           19%        N/A       22%         4
 Sticky Flame             Fire/Alch      11%        2d5       52%         4
 Animate Dead             Necr           2%         N/A       86%         4
 Borgnjor's Vile Clutch   Necr/Erth      1%         N/A       99%         5
 Death Channel            Necr           1%         N/A       100%        6


Dungeon Overview and Level Annotations

Branches:
Dungeon (5/15)
 Temple: D:4-7

Altars:
Elyvilon
Okawaru
Qazlal
Wu Jian

Shops:
D:1 *


Innate Abilities, Weirdness & Mutations

You are very small and have problems with some larger weapons.
You are too small for most types of armour.
You have supernaturally acute eyesight. (SInv)
You cover ground extremely quickly. (Speed+++)


Message History

Ye be too injured ta fight recklessly!
Ye be too injured ta fight recklessly!
Tha white imp gestures at ye.
Tha puff o' frost hits ye!
* * * LOW HITPOINT WARNIN'
* * * Ye take 8 damage, an' haf 4/28 hp.
MASSIVE DAMAGE!!
Okay, than.
Castin': Stin' (safe; 5% risk o' failure) Confirm wit' . or Enter, or press ? or * ta list all spells.
Aimin': Mercury Vapours (safe; 10% risk o' failure)
Press: ? - help, Dir - move target, f/p - white imp
Aim: a white imp (heavily wounded, poison'd, chance ta weak'n: 100%) Fumes o' mercury billow around tha white imp!
Tha white imp looks weaker.
Tha white imp looks more healthy.
Tha white imp gestures at ye.
Tha puff o' frost hits ye.
Elyvilon protects ye from harm!
Ye now haf 9/11 mp.
Okay, than.
Throw: 5 darts (disperse)
Press: ? - help, Q - select action, (/) - cycle Shift-Dir - straight line, f/p - white imp
Aim: a white imp (heavily wounded, weak, 56% ta hit) Ye throw a dart o' dispersal.
Tha dart o' dispersal closely misses tha white imp.
Throw: 4 darts (disperse)
Press: ? - help, Q - select action, (/) - cycle Shift-Dir - straight line, f/p - white imp
Aim: a white imp (heavily wounded, weak, 56% ta hit) Ye throw a dart o' dispersal.
Tha dart o' dispersal barely misses tha white imp.
Tha white imp gestures at ye.
Tha puff o' frost misses ye.
Throw: 3 darts (disperse)
Press: ? - help, Q - select action, (/) - cycle Shift-Dir - straight line, f/p - white imp
Aim: a white imp (heavily wounded, weak, 56% ta hit) Ye throw a dart o' dispersal.
Tha dart o' dispersal closely misses tha white imp.
Tha white imp disappears fer a momn't.
Tha white imp gestures at ye.
Tha puff o' frost hits ye!
Ye die...

..#####.P# #P ###
##.......## #. ....
##.......P.P#.. #....
#..##..#....##.###
#...#
#.###............##[..#
#.##........# #....#
##.##.##....# ##5..##
#..#.......# #...##
#..........# ##@.##
..........## ##..##
...........###).##
##.............##
##...........##
.............#
....####.###.## ..###
#.# ### #. #.#


You could see a white imp (weak).

Vanquished Creatures
  An ogre (D:5)
  2 hounds
  A bombardier beetle (D:4)
  Natasha (twice) (D:2)
  An iguana (D:4)
  An orc wizard (D:3)
  A gnoll (D:1)
  5 adders
  2 dart slugs (D:1)
  2 ribbon worms
  12 orcs
  6 endoplasms
  4 giant cockroaches
  7 goblins
  5 hobgoblins
  8 jackals
  5 kobolds
  3 quokkas
  8 ball pythons
  8 bats
  2 frilled lizards
  8 rats
94 creatures vanquished.

Notes
Turn   | Place    | Note
-------+----------+-------------------------------------------
     0 | D:1      | ProzacElf the Spriggan Alchemist began the quest for the
                  | Orb.
     0 | D:1      | Reached XP level 1. HP: 9/9 MP: 5/5
   268 | D:1      | Reached XP level 2. HP: 13/13 MP: 5/7
   346 | D:1      | Learned a level 2 spell: Mercury Vapours
   701 | D:1      | Reached skill level 4 in Stealth
   701 | D:1      | Reached XP level 3. HP: 16/16 MP: 1/8
   995 | D:1      | Found Fuonoc's General Store.
  1012 | D:1      | Bought a scroll of identify for 26 gold pieces
  1662 | D:2      | You fall into a shaft and drop 2 floors!
  1738 | D:4      | Found an iron altar of Okawaru.
  1754 | D:4      | Found a white marble altar of Elyvilon.
  1763 | D:4      | Became a worshipper of Elyvilon the Healer
  2034 | D:4      | Found an ornate altar of the Wu Jian Council.
  2056 | D:4      | Reached XP level 4. HP: 11/21 MP: 5/9
  2253 | D:3      | Found a faded altar of an unknown god.
  2365 | D:3      | Learned a level 3 spell: Mephitic Cloud
  2374 | D:3      | Reached skill level 5 in Stealth
  2431 | D:3      | Reached * piety under Elyvilon
  2548 | D:3      | Reached XP level 5. HP: 21/24 MP: 6/10
  2889 | D:2      | Noticed Natasha
  2896 | D:2      | Killed Natasha
  2977 | D:2      | Reached ** piety under Elyvilon
  3264 | D:2      | Noticed Natasha
  3272 | D:2      | Killed Natasha
  3273 | D:2      | Reached skill level 5 in Dodging
  3593 | D:3      | Reached skill level 6 in Stealth
  3596 | D:3      | Reached skill level 5 in Alchemy
  3809 | D:4      | Reached XP level 6. HP: 20/28 MP: 11/11
  4024 | D:4      | Reached skill level 7 in Stealth
  4140 | D:4      | Found a stormy altar of Qazlal.
  4324 | D:5      | Entered Level 5 of the Dungeon
  4382 | D:5      | Reached skill level 8 in Stealth
  4462 | D:5      | Elyvilon protects you from harm!
  4465 | D:5      | Killed from afar by a white imp

Illustrated notes

Levels and vault maps discovered:
D:1:      kilobyte_arrival_exit_the_forest, layout_basic, serial_shops,
          shop_fountains
D:2:      layout_loops_cross, serial_glass, glass_columns_a, glass_columns_a,
          uniq_natasha
D:3:      layout_basic, basic_ecumenical_altar
D:4:      layout_basic, okawaru_trees_2, elyvilon_altar_1,
          nicolae_wu_jian_wuxing_cycle, nicolae_qazlal_eye_of_the_storm
D:5:      layout_layer_cave, minmay_temple_entry_gardened_gates

Skill      XL: |  1  2  3  4  5  6 |
---------------+-------------------+-----
Dodging        | 3 4 5 |  5.0
Spellcasting   | 3 |  3.0
Stealth        | 4 5 6 8 |  8.4
Alchemy        | 4 5 |  5.0
Conjurations   | |  0.6

Action                     |  1- 3 |  4- 6 || total
---------------------------+-------+-------++-------
  Melee: Dagger            |    91 |    50 ||   141
         Punch             |     1 |     2 ||     3
         Hand axe          |       |    85 ||    85
  Throw: Dart              |       |     3 ||     3
   Cast: Sting             |    61 |    38 ||    99
         Mercury Vapours   |     4 |     9 ||    13
   Stab: Sleeping          |     4 |     8 ||    12
 Armour: Robe              |    32 |    54 ||    86
  Dodge: Dodged            |    82 |   157 ||   239

Action                     |  1- 3 |  4- 6 || total
---------------------------+-------+-------++-------
  Melee: Dagger            |    91 |    50 ||   141
         Punch             |     1 |     2 ||     3
         Hand axe          |       |    85 ||    85
  Throw: Dart              |       |     3 ||     3
   Cast: Sting             |    61 |    38 ||    99
         Mercury Vapours   |     4 |     9 ||    13
   Stab: Sleeping          |     4 |     8 ||    12
 Armour: Robe              |    32 |    54 ||    86
  Dodge: Dodged            |    82 |   157 ||   239

Levels and vault maps discovered:
D:1:      kilobyte_arrival_exit_the_forest, layout_basic, serial_shops,
          shop_fountains
D:2:      layout_loops_cross, serial_glass, glass_columns_a, glass_columns_a,
          uniq_natasha
D:3:      layout_basic, basic_ecumenical_altar
D:4:      layout_basic, okawaru_trees_2, elyvilon_altar_1,
          nicolae_wu_jian_wuxing_cycle, nicolae_qazlal_eye_of_the_storm
D:5:      layout_layer_cave, minmay_temple_entry_gardened_gates
